 Dungeon Crawl Stone Soup version 0.29-a0-284-gf9362112df (webtiles) character file.

Game seed: 7289702937466203923

153 sammy202020 the Skirmisher (level 5, -1/33 HPs)
             Began as a Gargoyle Berserker on Mar 18, 2022.
             Was a Believer of Trog.
             Slain by a gnoll
             ... wielding a +0 spear
              (5 damage)
             ... on level 3 of the Dungeon.
             The game lasted 00:03:44 (2657 turns).

sammy202020 the Skirmisher (Gargoyle Berserker)     Turns: 2657, Time: 00:03:46

Health: -1/33      AC: 10    Str: 21    XL:     5   Next: 35%
Magic:  5/5        EV: 11    Int:  9    God:    Trog [**....]
Gold:   55         SH:  0    Dex:  9    Spells: 4/4 levels left

rFire   + . .      SeeInvis .   e - +2 whip (elec)
rCold   + . .      Faith    .   (no shield)
rNeg    + . .      Spirit   .   j - +2 leather armour {rC+}
rPois   ∞          Reflect  .   l - +0 helmet
rElec   +          Harm     .   (no cloak)
rCorr   .          Rampage  .   (no gloves)
Will    ++...                   (no boots)
Stlth   +.........              (no amulet)
HPRegen 1.11/turn               h - ring of protection from fire
MPRegen 0.09/turn               (no ring)

@: strong-willed, regenerating
A: sickness immunity, AC +4, negative energy resistance 1, electricity
resistance, torment resistance 1, petrification resistance
a: Renounce Religion, Berserk, Trog's Hand


You were on level 3 of the Dungeon.
You worshipped Trog.
Trog was pleased with you.
You visited 1 branch of the dungeon, and saw 3 of its levels.

You collected 55 gold pieces.

Inventory:

Hand Weapons
 a - a +0 mace
 e - a +2 whip of electrocution (weapon)
Armour
 j - a +2 leather armour of cold resistance (worn)
 l - a +0 helmet (worn)
Jewellery
 h - a ring of protection from fire (left hand)
Wands
 b - a wand of charming (4)
Scrolls
 c - a scroll of identify {unknown}
 g - a scroll of fear
Potions
 d - 2 potions of berserk rage {unknown}
 f - 2 potions of flight {unknown}
 i - 2 potions of curing {unknown}
 k - a potion of mutation {unknown}


   Skills:
 * Level 4.3 Fighting
 * Level 4.1 Maces & Flails
 * Level 3.5 Armour
 + Level 2.2 Dodging


You had 4 spell levels left.
You didn't know any spells.
Your spell library was empty.

Dungeon Overview and Level Annotations

Branches:
Dungeon (3/15)

Altars:

Shops:
D:2 *


Innate Abilities, Weirdness & Mutations

You are immune to sickness and miasma.
Your stone body is resilient. (AC +4)
You are immune to poison.
You resist negative energy. (rN+)
You are resistant to electric shocks. (rElec)
You are resistant to unholy torment.
You are immune to petrification.


Message History

The gnoll is moderately wounded.
The gnoll hits you but does no damage. The gnoll barely misses you.
You barely miss the gnoll. Your punch misses the gnoll.
The gnoll is moderately wounded.
The gnoll hits you with a +0 whip. The gnoll hits you but does no damage.
You hit the gnoll but do no damage.
The gnoll is moderately wounded.
You hit the gnoll.
The gnoll is heavily wounded.
The gnoll hits you but does no damage.
The gnoll hits you from afar with a +0 spear.
You hit the gnoll but do no damage.
The gnoll is heavily wounded.
The gnoll hits you but does no damage. x2
You whack the gnoll! Lightning courses through the gnoll!
You kill the gnoll!
Trog accepts your kill. The gnoll hits you but does no damage.
The hobgoblin zaps a wand.
The puff of flame misses you. The gnoll hits you but does no damage.
Your skin crawls.
You feel strong-willed. The gnoll barely misses you. x2
You hit the gnoll but do no damage.
The gnoll is lightly wounded.
The gnoll hits you with a +0 flail.
The hobgoblin zaps a wand.
The puff of flame hits you but does no damage.
You resist.
The gnoll hits you from afar with a +0 spear.
* * * LOW HITPOINT WARNING * * *
You barely miss the gnoll.
The gnoll is lightly wounded.
The gnoll barely misses you. The hobgoblin barely misses you.
The gnoll misses you.
You barely miss the gnoll.
The gnoll is lightly wounded.
The gnoll hits you with a +0 flail.
* * * LOW HITPOINT WARNING * * *
The hobgoblin hits you but does no damage.
The gnoll hits you from afar with a +0 spear.
You die...

...########.#
#.####.... ...# ..
... .....# ...# .
.8. ♣♣.♣♣# ...# #.
... .. #### #.### .♣
##### #.... ....#
#.#.#### ....#
#....g.#
....#########..#@#
...............#g#
................g#
.................#
.................#
...............#.#
##+#...........#)).#
##.##.##########...#
##.##.# #.....


You could see 2 gnolls and a hobgoblin.

Vanquished Creatures
  A gnoll shaman (D:3)
  Robin (D:3)
  2 gnolls (D:3)
  5 adders
  5 endoplasms
  12 goblins
  4 hobgoblins
  5 jackals (D:2)
  2 kobolds (D:1)
  A quokka (D:1)
  3 ball pythons
  5 bats
  2 frilled lizards (D:2)
  2 rats
50 creatures vanquished.

Vanquished Creatures (others)
  16 plants (D:3)
16 creatures vanquished.

Grand Total: 66 creatures vanquished

Notes
Turn   | Place    | Note
-------+----------+-------------------------------------------
     0 | D:1      | sammy202020 the Gargoyle Berserker began the quest for the
                  | Orb.
     0 | D:1      | Reached XP level 1. HP: 14/14 MP: 1/1
     5 | D:1      | You fall into a shaft and drop 1 floor!
    16 | D:2      | Reached XP level 2. HP: 11/19 MP: 2/2
   441 | D:1      | Reached XP level 3. HP: 18/23 MP: 3/3
   756 | D:1      | Found a faded altar of an unknown god.
  1015 | D:2      | Found Igie's Assorted Antiques.
  1285 | D:2      | Reached ** piety under Trog
  1676 | D:2      | Reached XP level 4. HP: 28/29 MP: 4/4
  2168 | D:3      | Noticed Robin
  2231 | D:3      | Killed Robin
  2639 | D:3      | Reached XP level 5. HP: 21/33 MP: 5/5
  2657 | D:3      | Slain by a gnoll

Illustrated notes

Levels and vault maps discovered:
D:1:      scummos_arrival_hexagon, layout_basic,
          chequers_ecumenical_altar_simple
D:2:      layout_loops_corners, serial_shops, nicolae_shop_waterfront,
          minmay_misc_feat_tiny
D:3:      layout_basic, vehumet_altar_wand_db, serial_forest,
          infiniplex_forest_straight_4, infiniplex_forest_lined_3_way,
          infiniplex_forest_straight_4, infiniplex_forest_pool,
          infiniplex_forest_straight_3, infiniplex_forest_lined_3_way,
          infiniplex_forest_lined_corner, infiniplex_forest_straight_3,
          infiniplex_forest_clump_double, infiniplex_forest_straight_2,
          minmay_misc_feat_tower, nicolae_grassy_gnolls, uniq_robin

Skill      XL: |  1  2  3  4 |
---------------+-------------+-----
Armour         | 3 |  3.5
Dodging        | 2 |  2.2
Fighting       | 4 |  4.3
Maces & Flails | 4 |  4.1

Action                   |  1- 3 |  4- 6 || total
-------------------------+-------+-------++-------
Melee: Mace              |    28 |       ||    28
       Whip              |    55 |    88 ||   143
Invok: Trog's Hand       |       |     3 ||     3
       Berserk           |       |     1 ||     1
  Use: Scroll            |     2 |       ||     2
Armor: Animal skin       |    23 |       ||    23
       Leather armour    |    17 |    78 ||    95
Dodge: Dodged            |    48 |    85 ||   133

Table legend: (Time is in decaauts)
 A = Elapsed time spent in this place.
 B = Non-inter-level travel time spent in this place.
 C = Inter-level travel time spent in this place.
 D = Time resting spent in this place.
 E = Time spent auto-exploring this place.
 F = Levels seen in this place.
 G = Mean time per level.
                   A        B        C        D        E       F      G
               +--------+--------+--------+--------+--------+-----+--------+
         Total |   2666 |   2633 |     33 |      0 |   2111 |   3 |  888.7 |
       Dungeon |   2666 |   2633 |     33 |      0 |   2111 |   3 |  888.7 |
               +--------+--------+--------+--------+--------+-----+--------+

Top non-repeatable levels by time:
     D:2: 1274 daAuts
     D:1: 749 daAuts
     D:3: 643 daAuts
